Map: [ESL] Hard Lead

Players

Serral

  • Race: Zerg Zerg
  • Spawn Location: 11:00

ByuN - Winner!

  • Race: Terran Terran
  • Spawn Location: 5:00

Event: ESL SC2 Masters 2023 Winter (Finals)

VOD

Have the link to the VOD?

Description

Time

  • Played on: Dec. 15, 2023, 5:04 p.m.
  • Length: 18:22

All games in this series

Show
View Real Time Build Order
Export as new Build Order

Serral Zerg 

Build Orders: Hatch First 

Get SALT Encoding   

  12  0:00  Drone  
  13  0:12  Overlord  
  13  0:17  Drone  
  14  0:30  Drone x2  
  16  0:48  Hatchery  
  15  0:51  Drone  
  15  0:54  Drone  
  17  0:57  Drone  
  18  1:06  Extractor  
  17  1:13  Spawning Pool  
  17  1:16  Drone  
  17  1:20  Drone  
  18  1:28  Drone  
  19  1:38  Drone  
  20  1:49  Drone  
  21  2:00  Queen x2  
  21  2:01  Zergling x4  
  27  2:06  Metabolic Boost  
  27  2:20  Hatchery  
  26  2:26  Overlord  
  26  2:29  Zergling x2  
  26  2:38  Drone  
  26  2:44  Queen  
  27  2:46  Zergling x2  
  29  2:53  Extractor  
  29  2:55  Zergling x2  
  29  2:57  Zergling x6  
  33  3:04  Drone  
  34  3:07  Drone  
  34  3:12  Drone  
  36  3:15  Overlord  
  36  3:23  Extractor  
  36  3:26  Overlord  
  35  3:28  Drone  
  35  3:32  Drone x2  
  38  3:34  Drone x2  
  41  3:43  Drone x5  
  41  3:48  Overlord  
  46  3:49  Drone  
  46  3:52  Drone x3  
  50  3:58  Queen  
  50  4:00  Drone  
  52  4:03  Drone  
  52  4:04  Drone  
  53  4:10  Queen  
  53  4:12  Drone  
  53  4:13  Drone  
  57  4:18  Baneling Nest  
  57  4:19  Overlord  
  57  4:22  Drone x2  
  57  4:25  Zergling x4  
  57  4:30  Zergling x2  
  60  4:31  Overlord  
  60  4:32  Overlord  
  60  4:36  Zergling x2  
  60  4:37  Zergling x4  
  62  4:43  Zergling x6  
  65  4:45  Queen  
  65  4:47  Zergling x4  
  65  4:48  Zergling x2  
  71  4:52  Zergling x2  
  71  4:53  Zergling x4  
  71  4:57  Queen  
  75  5:04  Zergling x10  
  71  5:08  Zergling x2  
  71  5:09  Zergling x6  
  67  5:16  Drone x5  
  67  5:17  Drone x2  
  67  5:18  Drone  
  72  5:22  Lair  
  72  5:24  Drone  
  73  5:29  Drone x2  
  73  5:33  Queen  
  75  5:35  Drone x2  
  75  5:37  Evolution Chamber  
  75  5:38  Extractor  
  75  5:39  Drone  
  75  5:40  Extractor  
  75  5:42  Drone  
  76  5:46  Drone  
  76  5:48  Roach Warren  
  76  5:50  Drone  
  76  5:51  Queen  
  76  5:52  Extractor  
  76  5:54  Drone  
  76  5:55  Drone x3  
  76  5:56  Drone  
  83  6:01  Overlord  
  83  6:02  Drone  
  84  6:04  Zerg Ground Armor Level 1  
  84  6:06  Overlord  
  84  6:07  Overlord x2  
  84  6:20  Zergling x10  
  84  6:22  Centrifugal Hooks  
  89  6:28  Roach x3, Hatchery  
  89  6:29  Roach  
  96  6:34  Zergling x10  
  96  6:37  Overlord  
  101  6:42  Zergling x8  
  106  6:48  Baneling x2  
  106  6:52  Overlord  
  106  6:55  Zergling x12  
  106  6:58  Ravager x4  
  111  7:04  Queen x2  
  111  7:07  Overlord x2  
  111  7:08  Overlord  
  108  7:09  Baneling  
  108  7:10  Baneling x4  
  100  7:16  Zergling x8  
  100  7:17  Zergling x4  
  100  7:19  Queen  
  108  7:23  Baneling x4  
  108  7:27  Zergling x2  
  108  7:28  Zergling x8  
  113  7:31  Drone  
  113  7:33  Glial Reconstitution, Evolution Chamber  
  113  7:34  Hatchery  
  112  7:38  Baneling x4  
  112  7:43  Overlord  
  112  7:44  Roach x2  
  112  7:50  Zergling x4  
  118  7:53  Zergling x2  
  115  8:01  Zergling x4  
  104  8:06  Zergling x10, Drone  
  104  8:09  Zergling x2  
  104  8:10  Zergling x6  
  104  8:11  Queen x2  
  104  8:12  Queen  
  116  8:17  Roach x2  
  116  8:19  Ravager  
  111  8:20  Ravager  
  111  8:21  Zergling x2  
  104  8:27  Zergling x4  
  104  8:29  Baneling x5  
  104  8:33  Zerg Melee Weapons Level 1, Baneling  
  104  8:34  Zergling x10, Baneling  
  103  8:39  Zergling x6  
  111  8:43  Zergling x10  
  111  8:47  Zerg Ground Armor Level 2  
  116  8:52  Zergling x4  
  117  8:56  Zergling x4  
  117  8:57  Ravager x2  
  117  8:58  Hatchery  
  120  9:03  Zergling x8  
  122  9:10  Zergling x14  
  122  9:11  Zergling x2  
  122  9:16  Zergling x2  
  124  9:20  Zergling x2  
  124  9:22  Baneling x6  
  116  9:24  Zergling x2  
  116  9:26  Roach  
  116  9:29  Roach x4  
  112  9:35  Zergling x8  
  112  9:36  Zergling x2  
  108  9:40  Zergling x6  
  111  9:45  Baneling x2  
  111  9:46  Baneling x2  
  111  9:47  Roach  
  111  9:48  Roach  
  115  9:54  Zergling x2  
  115  9:56  Zergling x2  
  115  9:57  Queen  
  115  9:58  Queen  
  121  10:04  Infestation Pit, Drone  
  121  10:07  Zergling x10  
  123  10:11  Zergling x2  
  127  10:16  Zergling x8  
  131  10:25  Drone x2  
  131  10:26  Zergling x6  
  136  10:32  Overlord x6  
  136  10:36  Hatchery  
  136  10:39  Baneling x4  
  136  10:40  Zerg Melee Weapons Level 2  
  128  10:45  Zergling x14  
  128  10:52  Zergling x8  
  123  10:58  Zergling x8  
  125  11:05  Baneling x6  
  125  11:09  Zergling x8  
  129  11:14  Zergling x6  
  112  11:28  Zergling x14  
  112  11:32  Roach x3  
  111  11:33  Baneling x2  
  111  11:36  Zergling x4  
  113  11:43  Zergling x8  
  114  11:50  Baneling x4  
  114  11:52  Zergling x10  
  116  11:54  Zergling x2  
  116  11:56  Zergling x2  
  116  12:00  Zergling x8  
  118  12:02  Baneling  
  118  12:03  Baneling x2  
  118  12:05  Zergling x4  
  120  12:15  Zergling x14  
  127  12:17  Baneling x6  
  127  12:20  Zergling x4  
  128  12:26  Zergling x6  
  128  12:29  Zergling x2  
  127  12:30  Zergling x2  
  127  12:34  Zergling x8  
  130  12:43  Zergling x10  
  135  12:47  Zergling x2  
  129  12:56  Roach x2  
  129  12:57  Roach x4  
  111  13:01  Drone  
  111  13:03  Drone  
  111  13:04  Drone  
  114  13:05  Baneling x4  
  114  13:06  Baneling x4  
  114  13:08  Zergling x4  
  114  13:11  Zergling x2  
  117  13:16  Zergling x4  
  117  13:19  Ravager  
  120  13:20  Ravager  
  120  13:25  Zergling x12  
  120  13:26  Zergling x2  
  128  13:27  Hatchery  
  128  13:32  Zergling x8  
  129  13:38  Hive  
  127  13:42  Zergling x8  
  119  13:56  Zergling x8  
  119  13:57  Zergling x14  
  120  14:06  Baneling x9  
  120  14:08  Zergling x8  
  123  14:14  Zergling x10  
  128  14:18  Overseer  
  125  14:26  Infestor x2  
  128  14:32  Zergling x18  
  137  14:44  Baneling x9  
  131  14:49  Zergling x18  
  131  14:57  Infestor  
  131  15:02  Zergling x14  
  131  15:03  Zergling x2  
  127  15:09  Zergling x10  
  127  15:14  Baneling x3  
  132  15:17  Zergling x2  
  132  15:18  Zergling x6  
  132  15:19  Ravager x2  
  138  15:25  Zergling x12  
  143  15:33  Zergling x10  
  147  15:36  Burrow  
  147  15:41  Zergling x6  
  147  15:42  Zergling x4  
  149  15:54  Drone x2  
  151  16:00  Zergling x14  
  147  16:14  Drone x3  
  147  16:16  Drone x5  
  147  16:17  Drone  
  150  16:23  Zergling x16  
  150  16:25  Baneling x2  
  156  16:28  Overseer  
  156  16:36  Zergling x2  
  156  16:37  Zergling x14  
  156  16:39  Zergling x4  
  160  16:44  Zergling x4  
  160  16:45  Zergling x4  
  151  16:57  Zergling x20  
  145  17:12  Zergling x24  
  142  17:20  Zergling x10  
  120  17:30  Zergling x8  
  120  17:35  Roach x4  
  120  17:36  Roach  
  105  17:38  Infestor  
  105  17:40  Baneling x7  
  105  17:44  Zergling x10  
  97  17:50  Zergling x6  
  101  17:57  Zergling x10  
Show
View Real Time Build Order
Export as new Build Order

ByuN Terran - Winner!

Build Orders:  

Get SALT Encoding   

  12  0:00  SCV  
  13  0:12  SCV  
  14  0:17  Supply Depot  
  14  0:24  SCV  
  15  0:39  Barracks, SCV  
  16  0:43  Refinery  
  16  0:51  SCV  
  17  0:59  Barracks  
  17  1:03  SCV  
  18  1:16  SCV  
  19  1:26  Reaper  
  19  1:28  Orbital Command  
  19  1:32  Supply Depot  
  20  1:46  Reaper  
  21  1:53  SCV  
  22  2:02  Barracks Reactor  
  22  2:05  SCV  
  23  2:10  Command Center  
  23  2:19  Barracks Tech Lab  
  23  2:20  SCV  
  24  2:25  Barracks  
  24  2:32  SCV  
  25  2:40  Supply Depot  
  25  2:41  Marine x2  
  25  2:42  Marine  
  25  2:44  SCV  
  29  2:48  Stimpack  
  29  2:56  SCV  
  30  2:58  Marine  
  30  3:01  Marine x2  
  33  3:08  SCV  
  34  3:13  Barracks Tech Lab  
  34  3:16  Marine  
  34  3:19  Marine x2  
  37  3:20  SCV  
  37  3:21  Orbital Command  
  38  3:32  SCV  
  38  3:33  Marine  
  39  3:34  Marine  
  39  3:36  Combat Shield  
  39  3:37  Marine x2  
  41  3:46  Refinery  
  41  3:48  SCV x2  
  43  3:51  Marine  
  43  3:52  Marine  
  43  3:54  Marine  
  43  3:55  Marine  
  47  4:00  SCV x2  
  47  4:02  Supply Depot  
  49  4:08  Marine  
  50  4:10  Supply Depot, Marine  
  50  4:12  Marine, SCV x2  
  54  4:21  Factory  
  54  4:23  Marine  
  55  4:24  SCV x2  
  55  4:27  Engineering Bay  
  55  4:28  Marine  
  55  4:29  Marine  
  59  4:36  SCV x2  
  59  4:38  Supply Depot  
  61  4:42  Refinery  
  61  4:46  Marine x2  
  61  4:47  Marine x2  
  61  4:48  SCV x2  
  67  5:00  SCV x2  
  67  5:04  Marine  
  69  5:09  Marine x2  
  69  5:11  Factory Reactor, Starport  
  69  5:12  SCV x2  
  62  5:19  Supply Depot  
  62  5:20  Refinery  
  54  5:22  Marine  
  54  5:23  Terran Infantry Weapons Level 1  
  54  5:24  SCV  
  54  5:25  SCV  
  54  5:27  Marine  
  58  5:30  Barracks Reactor  
  58  5:35  Barracks, Marine  
  58  5:36  Barracks  
  58  5:37  SCV  
  58  5:38  SCV  
  58  5:39  Marine  
  62  5:45  Marine  
  62  5:49  SCV  
  64  5:53  Medivac, Marine  
  64  5:54  Siege Tank, Medivac  
  72  5:57  Supply Depot, Marine  
  72  6:02  Supply Depot, Marine  
  74  6:11  Marine  
  74  6:12  Marine x2  
  74  6:15  Marine  
  78  6:20  Marine  
  78  6:24  Marine x2  
  81  6:26  Siege Tank, Supply Depot  
  81  6:28  Supply Depot  
  81  6:29  Marine x2  
  81  6:30  Marine  
  81  6:32  Medivac x2  
  91  6:33  Marine  
  91  6:38  Marine  
  93  6:41  Marine  
  93  6:42  Marine  
  95  6:49  Supply Depot  
  95  6:50  Supply Depot  
  95  6:54  Marine  
  95  6:57  Marine  
  95  6:58  Marine  
  97  7:03  Siege Tank  
  97  7:04  Marine x4  
  97  7:05  Medivac x2  
  107  7:11  Marine  
  107  7:15  Marine  
  103  7:16  Marine  
  103  7:18  Terran Infantry Armor Level 1  
  103  7:22  Marine x4  
  104  7:29  Marine  
  105  7:33  Supply Depot, Marine x2  
  105  7:35  Siege Tank  
  111  7:38  Liberator  
  111  7:39  Marine  
  111  7:40  Marine x2  
  111  7:43  Liberator  
  120  7:47  Marine  
  120  7:48  Marine  
  120  7:50  Marine  
  123  7:51  Marine  
  123  7:57  Marine x2  
  123  7:58  Marine  
  127  8:05  Marine  
  119  8:06  Marine  
  119  8:08  Marine  
  119  8:09  Marine  
  119  8:10  Siege Tank  
  122  8:15  Marine x2  
  122  8:16  Marine  
  121  8:23  Marine  
  121  8:24  Marine  
  115  8:28  Marine  
  112  8:38  Medivac x2  
  112  8:40  Marine x4  
  120  8:42  Siege Tank  
  120  8:48  Marine  
  124  8:49  Marine x2  
  126  8:57  Marine  
  126  8:58  Marine x3  
  130  9:05  Marine  
  130  9:07  Marine x2  
  119  9:14  Siege Tank  
  119  9:15  Marine x2  
  119  9:16  Marine x2  
  126  9:23  Marine  
  112  9:24  Marine x2, Medivac x2  
  114  9:33  Marine x2  
  108  9:41  Marine  
  108  9:42  Marine x2  
  111  9:46  Barracks Reactor x2  
  111  9:51  Barracks Tech Lab  
  111  9:56  SCV  
  111  9:57  Engineering Bay  
  111  9:58  Armory  
  110  10:01  Orbital Command  
  114  10:07  Marauder x2, Marine x2  
  114  10:08  Widow Mine  
  114  10:09  Concussive Shells  
  114  10:10  Marauder  
  120  10:20  Supply Depot  
  120  10:21  Marine  
  120  10:22  Marine  
  120  10:24  Marine  
  120  10:25  Marine  
  126  10:28  Marauder  
  126  10:39  Marine x2, Marauder x2  
  126  10:42  Marine x2  
  132  10:44  Medivac, Widow Mine x2  
  132  10:45  Medivac  
  132  10:48  Terran Infantry Armor Level 2  
  132  10:49  Marine  
  132  10:57  Marine x2  
  132  11:00  Marine  
  135  11:05  Widow Mine  
  135  11:06  Widow Mine  
  135  11:09  Marauder x2  
  135  11:10  Supply Depot, Marine x2  
  145  11:13  Terran Infantry Weapons Level 2  
  145  11:17  Marine x2  
  137  11:27  Widow Mine x2  
  137  11:30  Marine  
  137  11:31  Marauder x2, Marine  
  139  11:33  Marauder  
  141  11:43  Medivac  
  136  11:48  Widow Mine  
  136  11:51  Marine x3  
  136  11:52  Marine, Marauder  
  136  11:54  Widow Mine  
  142  11:55  Marine  
  141  12:05  Marine  
  142  12:09  Marine x2  
  142  12:10  Widow Mine  
  146  12:22  Marauder  
  148  12:23  Command Center  
  148  12:24  Widow Mine  
  148  12:26  SCV x2  
  135  12:37  Marine x2  
  137  12:46  Marine  
  137  12:49  Marauder  
  140  12:53  Widow Mine  
  122  12:59  Marauder, Marine x2  
  126  13:06  Marauder  
  128  13:17  Marine x2  
  128  13:18  Marine x2  
  132  13:20  Marine x2  
  132  13:26  Widow Mine x2  
  138  13:31  Marauder  
  140  13:35  Marine  
  140  13:36  Marine  
  140  13:38  Marauder, Marine  
  139  13:45  Marine x2  
  139  13:47  Medivac  
  143  13:52  Medivac  
  143  13:55  Marine x2  
  135  13:58  Marine x2  
  135  14:00  Marine  
  140  14:10  Marauder  
  140  14:11  Marine  
  142  14:17  Marauder  
  142  14:18  Orbital Command  
  142  14:28  Terran Infantry Weapons Level 3  
  142  14:30  SCV  
  143  14:33  SCV  
  144  14:42  SCV  
  144  14:45  Marauder x2, Marine  
  146  14:49  Marauder  
  142  14:55  Marine x2  
  142  14:58  Marine  
  144  15:03  Marine  
  144  15:06  Marauder  
  141  15:09  SCV  
  141  15:10  SCV  
  141  15:12  SCV  
  144  15:18  Marauder  
  146  15:24  Marine x4  
  146  15:25  Marine  
  151  15:33  Terran Infantry Armor Level 3  
  151  15:37  Marauder  
  151  15:39  Marine  
  151  15:41  Marine  
  151  15:42  Marine  
  156  15:43  Marine  
  156  15:50  Marauder  
  156  15:56  Marine  
  159  15:58  Marine, Marauder  
  159  15:59  Marine  
  159  16:00  Marine  
  164  16:04  Widow Mine x2  
  164  16:12  Marauder  
  164  16:13  Marine  
  164  16:14  Marine  
  164  16:16  Marauder  
  167  16:19  Marauder  
  167  16:22  Marine  
  167  16:24  Marine  
  171  16:30  Marine  
  171  16:32  Marine  
  173  16:34  Marauder  
  173  16:37  Supply Depot  
  173  16:38  Marauder  
  169  16:46  Marauder  
  171  16:53  Marine x2  
  169  16:55  Widow Mine x2  
  169  16:57  Marine  
  169  16:58  Marauder, Marine  
  172  17:04  Marauder  
  164  17:12  Marauder  
  138  17:16  Widow Mine x2  
  138  17:17  Marine x2  
  138  17:20  Marine x2, Marauder  
  147  17:25  Marine  
  141  17:33  Marine  
  141  17:34  Marine  
  141  17:35  Marine  
  102  17:38  Marine x2, Widow Mine x2  
  102  17:40  Marine  
  102  17:43  Marine  
  110  17:51  Marine  
  110  17:53  Marine  
  110  17:59  Marauder  
  110  18:02  Marine x3  
Tags
 
Add a new tag
Caveats
  • Supply blocks, unpowered buildings, or Contaminate may cause inaccurate times.
  • Supply counts are checked every 10 seconds.